 Dungeon Crawl Stone Soup version 0.24-a0-201-gf205589 (console) character file.

Game seed: 2679504975140011797

263 bli the Slasher (level 5, -10/47 HPs)
             Began as a Minotaur Monk on Mar 23, 2019.
             Killed by divine providence
             ... invoked by an orc priest
              (11 damage)
             ... on level 4 of the Dungeon.
             The game lasted 00:06:02 (2505 turns).

bli the Slasher (Minotaur Monk)                     Turns: 2505, Time: 00:06:03

Health: -10/47     AC:  4    Str: 15    XL:     5   Next: 97%
Magic:  4/4        EV: 15    Int:  7    God:
Gold:   89         SH:  0    Dex: 14    Spells: 2/4 levels left

rFire    . . .     SeeInvis .   a - +0 falchion
rCold    . . .     Gourm    .   (no shield)
rNeg     . . .     Faith    .   r - +2 robe {MR+}
rPois    .         Spirit   .   (helmet restricted)
rElec    .         Reflect  .   (no cloak)
rCorr    .         Harm     .   (no gloves)
MR       +....                  (no boots)
Stlth    ++........             (no amulet)
HPRegen  0.15/turn              (no ring)
MPRegen  0.09/turn              (no ring)

@: no status effects
A: retaliatory headbutt, horns 2
a: no special abilities


You were on level 4 of the Dungeon.
You were not hungry.

You visited 1 branch of the dungeon, and saw 4 of its levels.

You collected 89 gold pieces.

Inventory:

Hand Weapons
 a - a +0 falchion (weapon)
 o - a +0 hunting sling
Missiles
 h - 101 stones (quivered)
 t - 14 sling bullets
Armour
 d - a +0 leather armour
 r - a +2 robe of magic resistance (worn)
Wands
 b - a wand of polymorph (5)
Scrolls
 g - 3 scrolls of identify {unknown}
 j - a scroll of enchant armour {unknown}
 l - 3 scrolls of remove curse {unknown}
 m - a scroll of magic mapping {unknown}
 q - a scroll of fog {unknown}
Potions
 e - a potion of lignification {unknown}
 f - 2 potions of heal wounds {unknown}
 i - a potion of flight {unknown}
 k - a potion of haste {unknown}
 n - a potion of degeneration {unknown}
 s - a potion of cancellation {unknown}
Comestibles
 c - 6 rations
 p - 8 chunks of flesh


   Skills:
 + Level 4.7 Fighting
 * Level 5.8 Long Blades
 + Level 1.2 Armour
 * Level 4.9 Dodging
 + Level 2.0 Stealth


You had 2 spell levels left.
You knew the following spells:

 Your Spells              Type           Power        Failure   Level  Hunger
a - Blink                 Tloc           N/A          56%         2    ###....

Your spell library contained the following spells:

 Spells                   Type           Power        Failure   Level  Hunger
 Magic Dart               Conj           #...         43%         1    ##.....
 Call Imp                 Summ           #.......     56%         2    ###....
 Slow                     Hex            #.......     56%         2    ###....
 Conjure Flame            Conj/Fire      #.......     80%         3    ####...
 Mephitic Cloud           Conj/Pois/Air  #.......     80%         3    ####...


Dungeon Overview and Level Annotations

Branches:
Dungeon (4/15)
 Temple: D:4-7

Altars:


Innate Abilities, Weirdness & Mutations

You reflexively headbutt those who attack you in melee.
You have a pair of horns on your head.


Message History

You hit the orc priest.
The orc priest is lightly wounded.
The orc priest hits you with a +0 falchion.
* * * LOW HITPOINT WARNING * * *
You closely miss the orc priest.
The orc priest is lightly wounded.
The orc priest hits you with a +0 falchion.
* * * LOW HITPOINT WARNING * * *
You hit the orc priest but do no damage.
The orc priest is lightly wounded.
You hit the orc. Your headbutt misses the orc.
The orc is moderately wounded.
The orc hits you with a +0 club.
* * * LOW HITPOINT WARNING * * *
The orc shouts!
You hit the orc. You headbutt the orc.
The orc is almost dead.
The orc priest invokes the aid of Beogh against you.
Beogh smites you!
You die...

#.# #.# #.# #.# #.# #.#
#.# #.#
###.#################.#
#.#
...............>......#
#.#
##.#.#.#######.#######
#.# #. #.#.#
#.#########.# . #.#.#
#...........# #.
#.#.###################
#.# #.#)oo@.......
#..###.#.o#########
#.#...#..# #.....o..#
#.#o##...# #.#......#
#.o####..# #...o....#
##..###.## ##.# #.# #..
#.#


You could see 2 orc priests and 2 orcs.

Vanquished Creatures
  An ogre (D:4)
  A crimson imp (D:3)
  An orc wizard (D:3)
  5 adders
  An ooze (D:1)
  2 worms (D:2)
  3 dart slugs
  A leopard gecko (D:4)
  4 orcs (D:3)
  5 giant cockroaches
  3 goblins
  8 hobgoblins
  A ball python (D:1)
  5 bats
  4 frilled lizards
  8 kobolds
  2 rats
55 creatures vanquished.

Vanquished Creatures (others)
  A goblin (D:2)
1 creature vanquished.

Grand Total: 56 creatures vanquished

Notes
Turn   | Place    | Note
-------+----------+-------------------------------------------
     0 | D:1      | bli the Minotaur Monk began the quest for the Orb.
     0 | D:1      | Reached XP level 1. HP: 19/19 MP: 0/0
   297 | D:1      | Reached XP level 2. HP: 21/27 MP: 1/1
   620 | D:1      | Reached skill level 4 in Long Blades
   976 | D:2      | Reached XP level 3. HP: 29/33 MP: 2/2
  1679 | D:3      | Reached XP level 4. HP: 34/40 MP: 3/3
  1919 | D:3      | Reached skill level 5 in Long Blades
  1919 | D:3      | Reached XP level 5. HP: 44/47 MP: 4/4
  1975 | D:3      | Learned a level 2 spell: Blink
  2418 | D:4      | Noticed an ogre
  2429 | D:4      | Killed an ogre
  2429 | D:4      | Reached skill level 1 in Armour
  2504 | D:4      | HP: 1/47 [orc/+0 club (5)]
  2505 | D:4      | Killed from afar by an orc priest

Levels and vault maps discovered:
D:1:      dpeg_arrival_pits, layout_loops_corners, minivault_27
D:2:      layout_rooms, serial_forest, infiniplex_forest_clump_tiny,
          infiniplex_forest_clump_double, infiniplex_forest_end_double,
          infiniplex_forest_end_3, infiniplex_forest_clump_curved,
          infiniplex_forest_clump_small, infiniplex_forest_lined_room_2
D:3:      layout_rooms, minmay_misc_feat_columns
D:4:      layout_basic, portal_sewer_entry_b, serial_shops, shop_fountains

Skill      XL: |  1  2  3  4  5 |
---------------+----------------+-----
Fighting       | 4 |  4.7
Long Blades    | 4 5 |  5.8
Dodging        | 4 |  4.9
Armour         | 1 |  1.2
Stealth        | 2 |  2.0

Action                   |  1- 3 |  4- 6 || total
-------------------------+-------+-------++-------
Melee: Falchion          |    69 |    66 ||   135
       Headbutt          |    10 |    10 ||    20
 Stab: Sleeping          |     4 |       ||     4
  Eat: Chunk             |     2 |     3 ||     5
Armor: Robe              |     4 |     8 ||    12
       Leather armour    |     5 |     4 ||     9
Dodge: Dodged            |    46 |    46 ||    92
       Rpst.: Falchion   |    10 |    14 ||    24

Table legend:
 A = Non-vault XP
 B = Vault XP
 C = Vault XP percentage of total XP
 D = Non-vault monster count
 E = Vault monster count
 F = Vault count percentage of total count
                 A         B        C        D         E       F
            +---------+---------+-------+---------+---------+-------
      Total |     376 |       0 |   0.0 |      55 |       0 |   0.0
            +---------+---------+-------+---------+---------+-------
        D:1 |      40 |       0 |   0.0 |      19 |       0 |   0.0
        D:2 |      51 |       0 |   0.0 |      11 |       0 |   0.0
        D:3 |     160 |       0 |   0.0 |      23 |       0 |   0.0
        D:4 |     125 |       0 |   0.0 |       2 |       0 |   0.0
            +---------+---------+-------+---------+---------+-------
